 Dungeon Crawl Stone Soup version 0.31.0-11-ge490571c62 (webtiles) character file.

Game seed: 8355770836316982168

133 qw the Ducker (level 4, -2/23 HPs)
             Began as a Spriggan Hunter on Feb 4, 2024.
             Slain by a goblin
             ... wielding a +0 club
             ... led by Robin
              (5 damage)
             ... on level 3 of the Dungeon.
             The game lasted 00:00:05 (1576 turns).

qw the Ducker (Spriggan Hunter)                     Turns: 1576, Time: 00:00:06

Health: -2/23      AC:  4    Str:  7    XL:     4   Next: 94%
Magic:  5/5        EV: 20    Int: 10    God:
Gold:   97         SH:  0    Dex: 20    Spells: 3/3 levels left

rFire   . . .        a - +0 shortbow (flame)
rCold   . . .        (shield currently unavailable)
rNeg    . . .        c - +0 robe
rPois   .            (helmet restricted)
rElec   .            b - +1 cloak
rCorr   .            (gloves unavailable)
SInv    +            (boots unavailable)
Will    .....        (no amulet)
Stlth   ++           (no ring)
HPRegen 0.23/turn    (no ring)
MPRegen 0.09/turn

%: no passive effects
@: very quick
A: very small, no large weapons, unfitting armour, see invisible, speed 3
a: no special abilities


You were on level 3 of the Dungeon.
You visited 1 branch of the dungeon, and saw 3 of its levels.

You collected 97 gold pieces.


Innate Abilities, Weirdness & Mutations

You are very small and have problems with some larger weapons.
You are too small for most types of armour.
You have supernaturally acute eyesight. (SInv)
You cover ground extremely quickly. (Speed+++)


   Skills:
 - Level 2.1 Fighting
 + Level 5.0 Ranged Weapons
 - Level 5.1 Dodging
 - Level 1.5 Stealth


You had 3 spell levels left.
You didn't know any spells.
Your spell library was empty.

Inventory:

Hand Weapons
 a - a +0 shortbow of flaming (weapon)
Armour
 b - a +1 cloak (worn)
 c - a +0 robe (worn)
Potions
 d - a potion of mutation {unknown}

Dungeon Overview and Level Annotations

Branches:
Dungeon (3/15)

Altars:

Shops:
D:1 !:*

Annotations:
D:1 1 transporter


Message History

You kill the goblin!
You shoot an arrow. The arrow hits Robin.
The arrow burns Robin.
Robin is heavily wounded.
A hobgoblin comes into view.
You shoot an arrow. The arrow closely misses Robin.
You shoot an arrow. The arrow hits Robin.
The arrow burns Robin.
Robin is severely wounded.
Robin roars a battlecry!
The goblin goes into a battle-frenzy!
The hobgoblin barely misses you.
You shoot an arrow. The arrow hits Robin!
The arrow burns Robin.
You kill Robin!
The goblin unwields a +0 club.
The goblin wields a +0 sling.
The goblin shoots a sling bullet.
The sling bullet barely misses you.
The goblin unwields a +0 club.
The goblin wields a +1 sling of freezing.
It is covered in frost.
The goblin shoots a sling bullet.
The sling bullet hits you! The sling bullet freezes you.
Your Fighting skill increases to level 2!
You shoot an arrow. The arrow hits the hobgoblin!
The arrow burns the hobgoblin.
You kill the hobgoblin!
The goblin completely misses you.
You shoot an arrow. The arrow hits the goblin.
The arrow burns the goblin.
You kill the goblin!
The goblin unwields a +1 sling of freezing.
The goblin wields a +0 club.
The goblin misses you. The goblin closely misses you.
The goblin hits you with a +0 club.
You shoot an arrow. The arrow barely misses the goblin.
The goblin misses you. The goblin hits you with a +0 dagger.
The goblin misses you. The goblin closely misses you.
You shoot an arrow. The arrow hits the goblin!
The arrow burns the goblin.
You kill the goblin!
The goblin barely misses you. The goblin hits you with a +0 club.
You shoot an arrow. The arrow hits the goblin!
The arrow burns the goblin.
You kill the goblin!
The goblin completely misses you. The goblin closely misses you.
You shoot an arrow. The arrow closely misses the goblin.
The goblin barely misses you. The hobgoblin completely misses you.
The goblin completely misses you. The goblin hits you with a +0 club.
You die...

#...# ##...###.##..#
............##. # #....
........#
..#.###...###.......#
....................+
..)...ggg.# #.......#
..#.###@#.###.......#
)..).)g)......>.....#
.##.###.#.###.......###
#.###.#.# #..........
#.......# #.......##
#####.#.# #[.######
###.# #..# #.# #..#
############..#


You could see a hobgoblin (strong) and 3 goblins.

Vanquished Creatures
  An orc wizard (D:3)
  Robin (D:3)
  An adder (D:2)
  A ribbon worm (D:2)
  3 dart slugs
  2 orcs (D:3)
  7 endoplasms
  5 giant cockroaches (D:1)
  13 goblins
  4 hobgoblins
  2 jackals (D:1)
  5 quokkas
  3 ball pythons
  6 bats
  12 frilled lizards
  6 kobolds
  3 rats
75 creatures vanquished.

Notes
Turn   | Place    | Note
-------+----------+-------------------------------------------
     0 | D:1      | qw the Spriggan Hunter began the quest for the Orb.
     0 | D:1      | Reached XP level 1. HP: 10/10 MP: 2/2
     0 | D:1      | 0 ||| qw: Version: 0.3-a-160-g6735b56
     0 | D:1      | 0 ||| qw: Game counter: 5284
     0 | D:1      | 0 ||| qw: Melee chars always use a shield: true
     0 | D:1      | 0 ||| qw: God list: Okawaru
     0 | D:1      | 0 ||| qw: Allow faded altars: false
     0 | D:1      | 0 ||| qw: Do Orc after clearing Dungeon:15 true
     0 | D:1      | 0 ||| qw: Do second Lair branch before Depths: true
     0 | D:1      | 0 ||| qw: Lair rune preference: random
     0 | D:1      | 0 ||| qw: Goals: Normal
     0 | D:1      | 0 ||| PLANNING D:1-11
     2 | D:1      | Found Zugeb's Book Shoppe.
    64 | D:1      | Reached skill level 3 in Dodging
    81 | D:1      | Reached XP level 2. HP: 11/14 MP: 3/3
   295 | D:1      | Found Laucof's Assorted Antiques.
   299 | D:1      | Reached XP level 3. HP: 18/18 MP: 4/4
   352 | D:1      | 352 ||| SHOPLISTING 2 metallic red potions (43 gold, have
                  | 15).
   352 | D:1      | 352 ||| SHOPLISTING bubbling cyan potion (21 gold, have
                  | 15).
   352 | D:1      | 352 ||| SHOPLISTING fuming sapphire potion (21 gold, have
                  | 15).
   352 | D:1      | 352 ||| SHOPLISTING scroll labelled CAOVEA OFYLYO (24 gold,
                  | have 15).
   352 | D:1      | 352 ||| SHOPLISTING scroll labelled KUGES TURENLI (24 gold,
                  | have 15).
   352 | D:1      | 352 ||| SHOPLISTING scroll labelled PAINAO SOMU (24 gold,
                  | have 15).
   392 | D:1      | Found Wawiruje's Distillery.
   395 | D:1      | 395 ||| SHOPLISTING potion of cancellation (96 gold, have
                  | 15).
   395 | D:1      | 395 ||| SHOPLISTING potion of enlightenment (60 gold, have
                  | 15).
   395 | D:1      | 395 ||| SHOPLISTING potion of haste (120 gold, have 15).
   395 | D:1      | 395 ||| SHOPLISTING potion of mutation (96 gold, have 15).
   395 | D:1      | 395 ||| SHOPLISTING potion of resistance (120 gold, have
                  | 15).
   497 | D:1      | 497 ||| READING scroll labelled CAOVEA OFYLYO.
   498 | D:1      | 498 ||| READING scroll labelled COEGGIJUIRR.
   599 | D:1      | 599 ||| READING scroll labelled GOTZUM NIATT.
   599 | D:1      | 599 ||| IDENTIFYING scroll labelled LESYHOQOIN
   600 | D:1      | 600 ||| READING scroll of brand weapon.
   600 | D:1      | 600 ||| BRANDING +0 shortbow.
   601 | D:1      | 601 ||| DROPPING scroll of butterflies.
  1062 | D:2      | Reached XP level 4. HP: 22/22 MP: 5/5
  1313 | D:2      | 1313 ||| UPGRADING to +1 cloak.
  1318 | D:2      | 1318 ||| READING scroll of identify.
  1318 | D:2      | 1318 ||| IDENTIFYING emerald potion
  1319 | D:2      | 1319 ||| READING scroll labelled FEFUPL RYQEF.
  1320 | D:2      | 1320 ||| DROPPING potion of degeneration.
  1421 | D:3      | 1421 ||| FLEEEEING.
  1428 | D:3      | 1428 ||| FLEEEEING.
  1561 | D:3      | Noticed Robin
  1570 | D:3      | Killed Robin
  1574 | D:3      | HP: 2/23 [goblin/+0 club[Robin] (5)]
  1576 | D:3      | Slain by a goblin

Levels and vault maps discovered:
D:1:      spicycebolla_arrival_risky_transporter, layout_rooms, serial_shops,
          nicolae_shop_behind_doors, nicolae_shop_waterfront,
          nicolae_diamond_shop
D:2:      layout_loops_ring, grunt_ministairs_14, minmay_lizard_pond
D:3:      layout_basic, uniq_robin, uniq_ijyb

Skill      XL: |  1  2  3  4 |
---------------+-------------+-----
Dodging        | 3 4 5 |  5.1
Ranged Weapons | 5 |  5.0
Fighting       | 2 |  2.1
Stealth        | |  1.5

Action                     |  1- 3 |  4- 6 || total
---------------------------+-------+-------++-------
   Fire: Shortbow          |   116 |    49 ||   165
    Use: Scroll            |     4 |     2 ||     6
 Armour: Robe              |    14 |     6 ||    20
  Dodge: Dodged            |    49 |    19 ||    68

Table legend:
 A = Non-vault XP
 B = Vault XP
 C = Vault XP percentage of total XP
 D = Non-vault monster count
 E = Vault monster count
 F = Vault count percentage of total count
                 A         B        C        D         E       F
            +---------+---------+-------+---------+---------+-------
      Total |     152 |      39 |  20.4 |      57 |      18 |  24.0
            +---------+---------+-------+---------+---------+-------
        D:1 |      53 |       0 |   0.0 |      29 |       0 |   0.0
        D:2 |      43 |      10 |  18.9 |      18 |       9 |  33.3
        D:3 |      56 |      29 |  34.1 |      10 |       9 |  47.4
            +---------+---------+-------+---------+---------+-------
